[Event "*** Titled Tuesday Blitz"]
[Site "Chess.com"]
[Date "2018.05.01"]
[Round "2"]
[White "PowerThinking2650"]
[Black "bangchess21"]
[Result "0-1"]
[WhiteElo "2294"]
[BlackElo "2514"]
[TimeControl "180+2"]
[EndTime "13:18:31 PDT"]
[Termination "bangchess21 won by resignation"]

1. e4 c5 2. Nf3 g6 3. d4 cxd4 4. Nxd4 Nc6 5. c4 Nf6 6. Nc3 d6 7. Be2 Nxd4 8. Qxd4 Bg7 9. Be3 O-O 10. Qd2 a5 11.
O-O a4 12. f4 Bd7 13. Bd4 Bc6 14.
Bd3 Qa5 15. Kh1 Rfe8 16. e5 Nd7 17. Qf2 dxe5 18. fxe5 Nxe5 19. Bxe5 Qxe5 20. Qxf7+ Kh8 21. Rae1 Qd6 22. Ne4 Qxd3 23. Ng5 Rf8 0-1

[Event "*** Titled Tuesday Blitz"]
[Site "Chess.com"]
[Date "2018.05.01"]
[Round "2"]
[White "dmosesov"]
[Black "SidArun"]
[Result "1-0"]
[WhiteElo "2188"]
[BlackElo "2125"]
[TimeControl "180+2"]
[EndTime "13:18:55 PDT"]
[Termination "dmosesov won by resignation"]

1. e4 c6 2. d4 d5 3. e5 Bf5 4. g4 Be4 5. f3 Bg6 6. h4 h5 7. e6 Qd6 8. exf7+ Bxf7 9. Ne2 e5 10. dxe5 Qxe5 11. Nc3 Nd7 12. Bf4 Qe6 13. Qd2 Bb4 14. O-O-O c5 15. a3 Ba5 16. Qxd5 Qxd5 17. Nxd5 Bxd5 18.
Rxd5 Ngf6 19. Rd1 hxg4 20. fxg4 Nxg4 21. Rxd7 Nf2 22. Rh2 Kxd7 23. Rxf2 Rxh4 24. Bg5 Re4 25. Rf7+ Ke6 26. Re7+ Kd6 27. Rxe4 Rf8 28. Be7+ 1-0

[Event "*** Titled Tuesday Blitz"]
[Site "Chess.com"]
[Date "2018.05.01"]
[Round "2"]
[White "StoreySniper"]
[Black "Andnar"]
[Result "1-0"]
[WhiteElo "2359"]
[BlackElo "2399"]
[TimeControl "180+2"]
[EndTime "13:18:56 PDT"]
[Termination "StoreySniper won by resignation"]

1. c4 c5 2. g3 Nf6 3. Bg2 e6 4.
Nc3 d6 5. Nf3 Be7 6. d4 cxd4 7.
Nxd4 a6 8. O-O Qc7 9. Bg5 O-O 10. Rc1 h6 11. Bxf6 Bxf6 12. Ne4 Be7 13. b4 Nc6 14. Nxc6 bxc6 15. c5 d5 16. Nc3 Rb8 17. a3 a5 18.
Rb1 Ba6 19. Na4 axb4 20. axb4 Qe5 21. Bf3 Bd8 22. Qd2 Bb5 23. Nc3 Bc4 24. Rfd1 Bf6 25. Na4 Rfd8 26. Nb6 Bb5 27. e3 Qf5 28. Be2 Bxe2 29.
Qxe2 e5 30. Ra1 e4 31. Ra7 d4 32. exd4 Rxd4 33. Rxd4 Bxd4 34. Kg2 Re8 35. Nc4 Qd5 36. Nd6 e3+ 37. f3 Rb8 38. Qd3 Rxb4 39. Ra8+ 1-0

[Event "*** Titled Tuesday Blitz"]
[Site "Chess.com"]
[Date "2018.05.01"]
[Round "2"]
[White "sergiochess83"]
[Black "ghost_of_pushwood"]
[Result "1-0"]
[WhiteElo "2794"]
[BlackElo "1776"]
[TimeControl "180+2"]
[EndTime "13:19:02 PDT"]
[Termination "sergiochess83 won by resignation"]

1. e4 e5 2. Nf3 Nc6 3. Bb5 a6 4. Ba4 d6 5. c3 Ne7 6. d4 Bd7 7. O-O Ng6 8. Re1 Be7 9. Be3 O-O 10. Nbd2 Bf6 11. Nf1 Kh8 12. Ng3 Nce7 13. Bxd7 Qxd7 14.
Nh5 Ng8 15. dxe5 Bxe5 16. Nxe5 Nxe5 17. f4 Ng4 18. Bd4 N4f6 19. Nxg7 Kxg7 20. e5 Qf5 21. exf6+ Kh8 22. c4 Rfe8 23. Qf3 c6 24. Qg3 Qg6 25. Qxg6 hxg6 26. g4 Nh6 27. h3 Rg8 28. Kf2 Rae8 29. Rxe8 Rxe8 30. Re1 Rxe1 31. Kxe1 Kg8 32. Kf2 Kf8 33.
Kg3 Ke8 34. Kh4 Kd7 35. Kg5 Ng8 36. h4 1-0

[Event "*** Titled Tuesday Blitz"]
[Site "Chess.com"]
[Date "2018.05.01"]
[Round "2"]
[White "nihalsarin"]
[Black "dhanushbharadwaj"]
[Result "1-0"]
[WhiteElo "2764"]
[BlackElo "2526"]
[TimeControl "180+2"]
[EndTime "13:19:03 PDT"]
[Termination "nihalsarin won by resignation"]

1. e4 c6 2. d4 d5 3. exd5 cxd5 4. Bd3 Nc6 5. c3 Qc7 6. Ne2 e5 7. dxe5 Nxe5 8. O-O Nf6 9. Nd4 Be7 10. Bf4 Nfd7 11. Re1 a6 12. Qh5 Bf6 13. Bxe5 Nxe5 14. f4 g6 15. Qe2 O-O 16. fxe5 Re8 17. Nf3 Bg4 18. Nbd2 Bxe5 19. Qf2 Bd7 20. Nxe5 Rxe5 21. Rxe5 Qxe5 22.
Re1 Qd6 23. Nf3 Re8 24. Rxe8+ Bxe8 25. Qe3 Bd7 26. h3 h5 27. Kf2 b5 28. Qd4 a5 29.
Ne5 Qf6+ 30. Kg1 Bf5 31. Bxf5 Qxf5 32. Qxd5 h4 33. Qxb5 Qf4 34. Qe8+ Kg7 35. Qxf7+ Qxf7 36. Nxf7 Kxf7 37. Kf2 Kf6 38. a4 Ke5 39. b4 axb4 40.
cxb4 1-0

[Event "*** Titled Tuesday Blitz"]
[Site "Chess.com"]
[Date "2018.05.01"]
[Round "2"]
[White "djano"]
[Black "evgenysharapov"]
[Result "1-0"]
[WhiteElo "2446"]
[BlackElo "2274"]
[TimeControl "180+2"]
[EndTime "13:19:04 PDT"]
[Termination "djano won by resignation"]

1. e4 c5 2. Nf3 d6 3. d4 cxd4 4.
Nxd4 Nf6 5. Nc3 Nc6 6. Be2 e5 7.
Nf3 h6 8. O-O Be7 9. Re1 O-O 10.
h3 Be6 11. Bf1 Qd7 12. Nd5 Bd8 13. c3 Nh7 14. Ne3 Ng5 15. Nxg5 Bxg5 16. Nc4 Bxc1 17. Rxc1 Rad8 18. a4 f6 19. Ne3 Ne7 20. Bc4 Bxc4 21.
Nxc4 d5 22. exd5 Nxd5 23. Qb3 Kh8 24. Rcd1 Qf7 25. Ne3 Nxe3 26. Qxf7 Nxd1 27. Qxb7 Rd2 28. Qxa7 Nxb2 29. a5 Rc8 30. Qb7 Rcd8 31. a6 Nd3 32. Ra1 Nc5 33. Qb6 1-0

[Event "*** Titled Tuesday Blitz"]
[Site "Chess.com"]
[Date "2018.05.01"]
[Round "2"]
[White "LawrenceTrent"]
[Black "Er_is_geen_hoop_meer"]
[Result "0-1"]
[WhiteElo "2458"]
[BlackElo "2355"]
[TimeControl "180+2"]
[EndTime "13:19:05 PDT"]
[Termination "Er_is_geen_hoop_meer won by resignation"]

1. e4 c5 2. Nf3 e6 3. d4 cxd4 4. Nxd4 Nc6 5. Nc3 Qc7 6. Be3 a6 7. a3 Nf6 8. f4 d6 9. Qf3 Bd7 10. O-O-O h5 11. g3 b5 12. Bg2 Rb8 13. Nxc6 Bxc6 14. Rhe1 b4 15. axb4 Rxb4 16. Rd4 Rxd4 17. Bxd4 Be7 18. Kb1 Qb7 19. Qd1 a5 20. h3 a4 21. Ka1 a3 22. b3 Qb4 23. Na2 Qb7 24. Qd3 Nd7 25. Bf3 e5 26. Bf2 h4 27. Bg4 hxg3 28.
Bxg3 Nc5 29. Qc4 Bxe4 30. fxe5 O-O 31. Nc3 Bxc2 32. b4 Nb3+ 33. Ka2 Nd2 34. Qb5 Qg2 35. Qe2 Bb3+ 36. Ka1 Qxg3 37. Qxd2 dxe5 38. Ne4 Qf4 39.
Qxf4 exf4 40. Nc5 Bf6+ 0-1

[Event "*** Titled Tuesday Blitz"]
[Site "Chess.com"]
[Date "2018.05.01"]
[Round "2"]
[White "goingin33"]
[Black "JozefKneht"]
[Result "0-1"]
[WhiteElo "2211"]
[BlackElo "2379"]
[TimeControl "180+2"]
[EndTime "13:19:13 PDT"]
[Termination "JozefKneht won by resignation"]

1. e4 e5 2. Nf3 Nc6 3. Nc3 Nf6 4. Bb5 Bb4 5. O-O O-O 6. d3 d6 7. Bxc6 bxc6 8. Ne2 Bc5 9. Ng3 h6 10. h3 Bb6 11.
Nh2 d5 12. Qf3 Qd6 13. Nf5 Bxf5 14. Qxf5 Qe6 15. Qf3 dxe4 16. dxe4 Rfd8 17. a4 a6 18. Ra3 Rd4 19. Re1 Rad8 20. Ng4 Nxg4 21. hxg4 f6 22.
Be3 R4d7 23. Bxb6 cxb6 24. Rb3 b5 25. axb5 axb5 26. Qf5 Kf7 27. Rc3 Rd6 28. Ra1 R8d7 29.
Ra8 g6 30. Qxe6+ Rxe6 31. Rc8 Rd4 32. f3 Rc4 33. Rxc4 bxc4 34. Kf2 g5 35. Ra8 Ke7 36.
Ra4 Rd6 37. Rxc4 Kd7 38. Ke2 Kc7 39. Ra4 Kb6 40. Ra8 Kc5 41. Rh8 Kc4 42. Rxh6 c5 43.
Rh8 Rb6 44. Rf8 Rxb2 45. Kd2 Rb6 46. g3 Rd6+ 47. Kc1 Kc3 48. Ra8 c4 49. Ra3+ Kd4 50. Kd2 Rb6 51. c3+ Kc5 52. Ra5+ Rb5 53. Rxb5+ Kxb5 54. Ke3 Ka4 55. f4 Kb3 56. Kd2 Kb2 57. Kd1 Kxc3 58.
Ke2 Kd4 59. fxg5 fxg5 0-1

[Event "*** Titled Tuesday Blitz"]
[Site "Chess.com"]
[Date "2018.05.01"]
[Round "2"]
[White "Abdodi"]
[Black "EmeseBalogh"]
[Result "1-0"]
[WhiteElo "2036"]
[BlackElo "1960"]
[TimeControl "180+2"]
[EndTime "13:19:13 PDT"]
[Termination "Abdodi won by resignation"]

1. e4 d5 2. exd5 Qxd5 3. Nc3 Qd6 4. Nf3 c6 5. Bc4 Be6 6. Qe2 Bxc4 7. Qxc4 Nf6 8. d3 e6 9. O-O Qc7 10. Bg5 Be7 11. Rad1 O-O 12. Rfe1 Nbd7 13. Bh4 Nb6 14. Qd4 Rad8 15. Qe3 Nfd5 16. Nxd5 Nxd5 17. Qc1 Bxh4 18. Nxh4 c5 19. Nf3 b5 20. Ne5 Rd6 21. c4 bxc4 22.
dxc4 Nb4 23. Rxd6 Qxd6 24. Qb1 Rd8 25. a3 Nd3 26. Nxd3 Qxd3 27. Qxd3 Rxd3 28. Kf1 Kf8 29. Ke2 Rd4 30. b3 Ke7 31. Ke3 Kd6 32. Rc1 e5 33.
b4 cxb4 34. axb4 f5 35. g3 g5 36. h3 f4+ 37. gxf4 gxf4+ 38. Kf3 Ke6 39. b5 Kf5 40. c5 e4+ 41. Kg2 f3+ 42. Kh2 Rd2 43. Kg1 Kf4 44.
c6 e3 45. fxe3+ Kg3 46. c7 Rh2 47. c8=Q f2+ 48. Kf1 Rh1+ 49. Ke2 1-0

[Event "*** Titled Tuesday Blitz"]
[Site "Chess.com"]
[Date "2018.05.01"]
[Round "2"]
[White "sandromareco"]
[Black "WanderingPuppet"]
[Result "1-0"]
[WhiteElo "2634"]
[BlackElo "2307"]
[TimeControl "180+2"]
[EndTime "13:19:28 PDT"]
[Termination "sandromareco won by resignation"]

1. Nf3 Nf6 2. g3 g6 3. Bg2 Bg7 4. O-O O-O 5. d4 d6 6. Nc3 c6 7. e4 Nbd7 8. a4 e5 9. h3 Re8 10. Re1 a6 11. b3 exd4 12. Nxd4 d5 13. exd5 Rxe1+ 14. Qxe1 Nxd5 15. Nxd5 cxd5 16. Be3 Ne5 17. Rd1 Nc6 18. Qd2 Be6 19. Kh2 Rc8 20. Nxe6 fxe6 21.
f4 Ne7 22. Qe2 Qc7 23. Bf2 Qd7 24. h4 Nf5 25. c4 d4 26. Qe4 a5 27. Re1 d3 28. Rd1 Rd8 29. Qxb7 Qxb7 30. Bxb7 Rb8 31.
Be4 Rxb3 32. Rxd3 Rb2 33. Kg1 e5 34. c5 Nd4 35. fxe5 Ne2+ 36. Kf1 Bxe5 37. c6 Nc1 38. Rd7 Nb3 39. Bd5+ Kf8 40. c7 Nd2+ 41. Kg2 1-0

[Event "*** Titled Tuesday Blitz"]
[Site "Chess.com"]
[Date "2018.05.01"]
[Round "2"]
[White "JSPrepz"]
[Black "Khamrakulov_Djurabek"]
[Result "0-1"]
[WhiteElo "2623"]
[BlackElo "2642"]
[TimeControl "180+2"]
[EndTime "13:19:33 PDT"]
[Termination "Khamrakulov_Djurabek won by checkmate"]

1. e4 c6 2. d4 d5 3. Nc3 dxe4 4. Nxe4 Bf5 5. Ng3 Bg6 6. h4 h6 7. Nh3 e6 8. Nf4 Bh7 9. Bc4 Nf6 10. O-O Nd5 11. Re1 Nxf4 12. Bxf4 Qxh4 13. Be5 Nd7 14. Qe2 O-O-O 15. Qf3 Nxe5 16. Rxe5 Qxd4 17. Qe2 Bd6 18. Re3 Bf4 19. Ra3 Bd6 20. Rf3 Bxg3 21. Rxg3 g5 22.
c3 Qd2 23. Qe5 Qd6 24. Qa5 Kb8 25. Re1 Qc7 26. Qb4 Rd2 27. Rf3 Rhd8 28. Bb3 Bf5 29. a4 g4 30. Rfe3 h5 31. a5 h4 32. a6 b6 33. Qc4 h3 34. gxh3 gxh3 35. Qh4 Rg8+ 36. Kh1 Rg2 37. Qh8+ Rd8 38. Qh4 Qh2# 0-1

[Event "*** Titled Tuesday Blitz"]
[Site "Chess.com"]
[Date "2018.05.01"]
[Round "2"]
[White "AlexanderL"]
[Black "Keranke"]
[Result "1-0"]
[WhiteElo "2583"]
[BlackElo "2673"]
[TimeControl "180+2"]
[EndTime "13:19:35 PDT"]
[Termination "AlexanderL won by resignation"]

1. Nf3 g6 2. e4 Bg7 3. d4 d6 4.
Bc4 e6 5. O-O Ne7 6. Re1 Nd7 7.
Bf1 O-O 8. c4 c5 9. Nc3 cxd4 10.
Nxd4 a6 11. Be3 Qc7 12. Rc1 b6 13. f3 Bb7 14. Qd2 Rac8 15. b3 Qb8 16. Red1 Rfd8 17.
Bg5 Nf6 18. Qf4 e5 19. Qh4 exd4 20. Bxf6 dxc3 21. Bxg7 Kxg7 22. Qxe7 b5 23. Rxc3 Rc7 24. Qg5 h6 25. Qe3 b4 26. Rcd3 Rc5 27. Qd4+ Kh7 28.
Qf6 Qc7 29. Rxd6 Rxd6 30. Qxd6 Qxd6 31. Rxd6 Rc7 32. Rb6 a5 33. Rb5 Rd7 34. Rxa5 Rd1 35. Ra7 1-0

[Event "*** Titled Tuesday Blitz"]
[Site "Chess.com"]
[Date "2018.05.01"]
[Round "2"]
[White "Ginger_GM"]
[Black "MITerryble"]
[Result "0-1"]
[WhiteElo "2473"]
[BlackElo "2668"]
[TimeControl "180+2"]
[EndTime "13:19:36 PDT"]
[Termination "MITerryble won by resignation"]

1. d4 e6 2. Nf3 Nf6 3. c4 Bb4+ 4.
Nbd2 O-O 5. a3 Be7 6. e4 d6 7. Be2 Nbd7 8. O-O e5 9. d5 a5 10. b3 g6 11. Qc2 Nh5 12. Nb1 Nc5 13. Nc3 a4 14. b4 Nb3 15. Rb1 Nxc1 16. Rbxc1 b6 17.
c5 dxc5 18. Nxe5 Bd6 19. Nc6 Qg5 20. Bxh5 Qxh5 21. f4 cxb4 22. axb4 f6 23. Nb5 Ba6 24. Qd3 Rfe8 25. Rf3 Bxb5 26. Qxb5 Rxe4 27. Qd3 Rae8 28. Rcf1 a3 29. Qxa3 Qxd5 30. Qc3 Rc4 0-1

[Event "*** Titled Tuesday Blitz"]
[Site "Chess.com"]
[Date "2018.05.01"]
[Round "2"]
[White "PawnEatingZombie"]
[Black "FearNoEvil12"]
[Result "0-1"]
[WhiteElo "1992"]
[BlackElo "1961"]
[TimeControl "180+2"]
[EndTime "13:19:41 PDT"]
[Termination "FearNoEvil12 won by resignation"]

1. d4 b5 2. e4 a6 3. Bd3 Bb7 4.
Nf3 e6 5. O-O Nf6 6. Re1 d6 7.
a4 b4 8. c4 bxc3 9. Nxc3 Nbd7 10. Bg5 h6 11. Bh4 g5 12. Bg3 Rg8 13. b4 h5 14. h4 gxh4 15. Bxh4 Be7 16. d5 e5 17.
Ng5 Bc8 18. Nf3 Ng4 19. Bxe7 Qxe7 20. Kf1 Ndf6 21. b5 a5 22. b6 cxb6 23. Nb5 Kf8 24. Rc1 Ne8 25. Rc3 h4 26. Qc2 Bd7 27. Nc7 Rd8 28.
Bb5 h3 29. gxh3 Nh6 30. Nxe8 Qxe8 31. Bxd7 Qxd7 32. Rc6 Qxh3+ 33. Ke2 Rg2 34. Rg1 Ng4 35. Rxg2 Qxg2 36. Kd3 Nxf2+ 37. Kc4 Qxf3 38. Kb5 Nxe4 39.
Qc1 Qd3+ 40. Kxb6 Rb8+ 41. Kc7 Qb3 42. Qh6+ Ke7 43. Qh4+ Nf6 0-1

[Event "*** Titled Tuesday Blitz"]
[Site "Chess.com"]
[Date "2018.05.01"]
[Round "2"]
[White "FLchessplayer"]
[Black "Grootneus"]
[Result "1-0"]
[WhiteElo "2037"]
[BlackElo "2130"]
[TimeControl "180+2"]
[EndTime "13:19:43 PDT"]
[Termination "FLchessplayer won by checkmate"]

1. e4 c5 2. Nf3 Nc6 3. c3 d5 4. exd5 Qxd5 5. d4 Bf5 6. Be2 O-O-O 7. Be3 cxd4 8. cxd4 e5 9. Nc3 Bb4 10. dxe5 Qa5 11.
Qb3 Nge7 12. O-O Ng6 13. Rac1 Kb8 14. Qxf7 Rhf8 15. Qb3 Ka8 16. Rfd1 Ngxe5 17. Nxe5 Nxe5 18. Rxd8+ Rxd8 19. a3 Be7 20. Nb5 a6 21. Nd4 Bg6 22.
Nf3 Nd3 23. Bxd3 Rxd3 24. Qg8+ Rd8 25. Rc8+ Rxc8 26. Qxc8# 1-0

[Event "*** Titled Tuesday Blitz"]
[Site "Chess.com"]
[Date "2018.05.01"]
[Round "2"]
[White "Blitzstream"]
[Black "Alexander_Donchenko"]
[Result "0-1"]
[WhiteElo "2486"]
[BlackElo "2675"]
[TimeControl "180+2"]
[EndTime "13:19:49 PDT"]
[Termination "Alexander_Donchenko won by checkmate"]

1. d4 Nf6 2. Bg5 d5 3. e3 c5 4. c3 Nc6 5. Nf3 Bf5 6. Qb3 Qb6 7. Bxf6 gxf6 8. dxc5 Qxc5 9. Nbd2 O-O-O 10. Bb5 Rg8 11.
g3 e5 12. O-O a6 13. Be2 h5 14.
Nh4 Bg4 15. Bd3 e4 16. Bc2 f5 17. Bd1 Ne5 18. Bxg4 fxg4 19. Rad1 Be7 20. Nf5 Rg5 21. Nxe7+ Qxe7 22. c4 d4 23. exd4 Rxd4 24. Qe3 Rd3 25. Qe2 h4 26. Nxe4 Rxd1 27. Rxd1 Nf3+ 28. Kh1 Re5 29.
Nd6+ Qxd6 30. Qxf3 gxf3 31. Rxd6 Re1# 0-1

[Event "*** Titled Tuesday Blitz"]
[Site "Chess.com"]
[Date "2018.05.01"]
[Round "2"]
[White "MasterLeif"]
[Black "MatthewG-p4p"]
[Result "0-1"]
[WhiteElo "2426"]
[BlackElo "2602"]
[TimeControl "180+2"]
[EndTime "13:19:51 PDT"]
[Termination "MatthewG-p4p won by resignation"]

1. e4 e6 2. d4 d5 3. Nd2 Be7 4. Ngf3 Nf6 5. Bd3 c5 6. e5 Nfd7 7. c3 Nc6 8. O-O g5 9. dxc5 g4 10. Nd4 Ncxe5 11. Bb5 a6 12. Bxd7+ Bxd7 13. Re1 Nd3 14. Re3 Nxc5 15. Qxg4 Qc7 16. N2b3 Ne4 17.
Re2 Bd6 18. Qh5 O-O-O 19. Bh6 Rhg8 20. f3 Nf6 21. Qxf7 Rg6 22. Nxe6 Bxh2+ 23. Kf1 Qb6 24. Nbd4 Rxh6 25. Nxd8 Bg3 26. Kg1 Qxd8 27. Rd1 Ne4 28. fxe4 Qh4 29. Qf8+ Kc7 30. Qxh6 Qxh6 31. Re3 0-1

[Event "*** Titled Tuesday Blitz"]
[Site "Chess.com"]
[Date "2018.05.01"]
[Round "2"]
[White "Last7Samurai"]
[Black "gmjlh"]
[Result "0-1"]
[WhiteElo "2653"]
[BlackElo "2599"]
[TimeControl "180+2"]
[EndTime "13:19:55 PDT"]
[Termination "gmjlh won by checkmate"]

1. e4 c6 2. Nf3 d5 3. exd5 cxd5 4. Ne5 Nc6 5. d4 Nf6 6. c3 e6 7.
Bd3 Bd6 8. f4 O-O 9. Nd2 Rb8 10.
Qf3 Bd7 11. O-O b5 12. g4 b4 13. g5 Ne8 14. Bxh7+ Kxh7 15. Qh5+ Kg8 16. Rf3 g6 17. Nxg6 fxg6 18. Qxg6+ Ng7 19. Rh3 Ne7 20. Qh7+ Kf7 21. Rh6 Nf5 22. Nf3 Nxh6 23. gxh6 Qf6 24. Ng5+ Ke7 25.
f5 bxc3 26. bxc3 Qxf5 27. Qxg7+ Ke8 28. Be3 Rb1+ 29. Rxb1 Qxb1+ 30. Kg2 Qf1# 0-1

[Event "*** Titled Tuesday Blitz"]
[Site "Chess.com"]
[Date "2018.05.01"]
[Round "2"]
[White "GP9isback23"]
[Black "ENEASZ"]
[Result "0-1"]
[WhiteElo "2250"]
[BlackElo "2436"]
[TimeControl "180+2"]
[EndTime "13:19:57 PDT"]
[Termination "ENEASZ won by resignation"]

1. d4 d5 2. Nf3 Nf6 3. c4 e6 4. Nc3 Be7 5. cxd5 exd5 6. Bg5 Nbd7 7. e3 c6 8. Bd3 Nh5 9. Bxe7 Qxe7 10. Qc2 g6 11. g4 Ng7 12. O-O-O Nb6 13. Rhg1 Be6 14. g5 O-O-O 15. Ne5 Kb8 16. f4 Bf5 17. Kb1 Rhe8 18. Rge1 Bxd3 19. Qxd3 Nf5 20. Rc1 h6 21. gxh6 Nxh6 22.
b3 Nf5 23. Rc2 Rh8 24. Rg2 Rh3 25. Qd2 Rdh8 26. Ree2 a6 27. e4 dxe4 28. Nxe4 Nd5 29. Nc5 Qc7 30. Kb2 Ka7 31. Nc4 Nxf4 32. Qb4 Nxg2 33.
Nxb7 Qxb7 34. Qc5+ Kb8 35. Na5 Nf4 36. Nxb7 Nd3+ 0-1

[Event "*** Titled Tuesday Blitz"]
[Site "Chess.com"]
[Date "2018.05.01"]
[Round "2"]
[White "MikaelyanArman"]
[Black "Kouzari"]
[Result "1/2-1/2"]
[WhiteElo "2625"]
[BlackElo "2644"]
[TimeControl "180+2"]
[EndTime "13:19:58 PDT"]
[Termination "Game drawn by repetition"]

1. Nf3 d5 2. d4 Nf6 3. c4 c6 4.
Nc3 e6 5. g3 dxc4 6. Bg2 Nbd7 7.
O-O Be7 8. e4 O-O 9. Qe2 b5 10.
a4 b4 11. e5 bxc3 12. exf6 Nxf6 13. bxc3 Nd5 14. Ne5 Nxc3 15. Qxc4 Qxd4 16. Qxd4 Ne2+ 17. Kh1 Nxd4 18. Be3 Nc2 19. Nxc6 Bf6 20. Rab1 Nxe3 21. fxe3 Bd7 22. a5 Bxc6 23. Bxc6 Rab8 24. a6 Be7 25.
Rb7 Bc5 26. Rfxf7 Rxf7 27. Rxb8+ Rf8 28. Rb3 Rf2 29. Rc3 Bb6 30. Rb3 Bc5 31. Rc3 Bb6 32. Rb3 Bc5 33. Rc3 Bb6 1/2-1/2

[Event "*** Titled Tuesday Blitz"]
[Site "Chess.com"]
[Date "2018.05.01"]
[Round "2"]
[White "Msb2"]
[Black "Al_Shima"]
[Result "1-0"]
[WhiteElo "2717"]
[BlackElo "2403"]
[TimeControl "180+2"]
[EndTime "13:19:59 PDT"]
[Termination "Msb2 won by resignation"]

1. d4 Nc6 2. d5 Ne5 3. e4 e6 4. dxe6 fxe6 5. Nc3 Bb4 6. Qd4 Bxc3+ 7. Qxc3 d6 8. f4 Ng6 9. Qxg7 Qf6 10. Qxf6 Nxf6 11. Bd3 Bd7 12. Ne2 Bc6 13. Nc3 O-O 14. O-O Rf7 15.
Bd2 Raf8 16. g3 d5 17. e5 Nd7 18. Ne2 Nc5 19. Nd4 Bd7 20. b4 Nxd3 21. cxd3 Ne7 22. Rac1 Nc6 23. Nb3 Bc8 24. b5 Nb8 25. Bb4 Rd8 26.
a4 c6 27. Bd6 Nd7 28. bxc6 bxc6 29. Rxc6 Bb7 30. Rc7 Ba6 31. Rd1 Nb6 32. Nc5 Rxc7 33. Bxc7 Re8 34. Bxb6 axb6 35. Nxa6 Ra8 36. Nc7 Rxa4 37.
Nxe6 Ra2 38. Rb1 1-0

[Event "*** Titled Tuesday Blitz"]
[Site "Chess.com"]
[Date "2018.05.01"]
[Round "2"]
[White "GMMatamoros"]
[Black "DanielNaroditsky"]
[Result "0-1"]
[WhiteElo "2509"]
[BlackElo "2814"]
[TimeControl "180+2"]
[EndTime "13:20:05 PDT"]
[Termination "DanielNaroditsky won by resignation"]

1. Nf3 d5 2. e3 Nf6 3. c4 g6 4. Nc3 Bg7 5. b3 dxc4 6. Bxc4 O-O 7. Bb2 b6 8. O-O Bb7 9. Qe2 Nbd7 10. d4 a6 11. b4 e6 12. a4 Re8 13. b5 a5 14.
e4 Ra7 15. e5 Nh5 16. Qe3 Qa8 17. Be2 f5 18. Rfd1 Bf8 19. Ng5 Ng7 20. Bf3 h6 21.
Bxb7 Qxb7 22. Nf3 g5 23. d5 Nc5 24. d6 f4 25. Qe2 Nf5 26. h4 gxh4 27. Ba3 cxd6 28. exd6 Bxd6 29. Bxc5 Bxc5 30. Ne4 Ng3 31. Qd3 Qxe4 32. Qxe4 Nxe4 0-1

[Event "*** Titled Tuesday Blitz"]
[Site "Chess.com"]
[Date "2018.05.01"]
[Round "2"]
[White "TheNomNomFactor"]
[Black "VerdeNotte"]
[Result "0-1"]
[WhiteElo "2301"]
[BlackElo "2615"]
[TimeControl "180+2"]
[EndTime "13:20:15 PDT"]
[Termination "VerdeNotte won by resignation"]

1. d4 Nf6 2. c4 g6 3. Nc3 Bg7 4. e4 d6 5. Nf3 O-O 6. Be2 Nbd7 7.
O-O e5 8. Be3 Qe7 9. d5 c5 10.
a3 Ng4 11. Bg5 f6 12. Bh4 h5 13. h3 Nh6 14. b4 g5 15. Bg3 f5 16. exf5 e4 17.
Nxe4 Qxe4 18. Nxg5 Qd4 19. Qc2 Nxf5 20. Ne6 Qc3 21. Qxc3 Bxc3 22. Nxf8 Nxg3 23. fxg3 Bxa1 24. Rxa1 Kxf8 25. Bxh5 Ne5 26. Be2 Bd7 27. g4 Rc8 28.
b5 Kg7 29. a4 Rf8 30. Rf1 Be8 31. Rxf8 Kxf8 32. Kf2 Bg6 33. Ke3 b6 34. h4 Bc2 35.
Kf4 Bxa4 36. Kf5 Kf7 37. g5 Bc2+ 38. Kf4 Bb3 39. h5 Bxc4 40. g6+ Kf6 41. Bxc4 Nxc4 42. g4 Ne5 43. g5+ Kg7 44. Kf5 Nxg6 45. hxg6 c4 46. Ke4 Kxg6 47. Kd4 Kxg5 0-1

[Event "*** Titled Tuesday Blitz"]
[Site "Chess.com"]
[Date "2018.05.01"]
[Round "2"]
[White "Albertu"]
[Black "PrinceCharming92"]
[Result "0-1"]
[WhiteElo "2303"]
[BlackElo "2466"]
[TimeControl "180+2"]
[EndTime "13:20:16 PDT"]
[Termination "PrinceCharming92 won by resignation"]

1. e4 d5 2. exd5 Qxd5 3. Nc3 Qd6 4. Bc4 Nf6 5. d4 c6 6. Nge2 Bf5 7. Bf4 Qd8 8. O-O e6 9. a4 a5 10. Ng3 Bg6 11. Qe2 Be7 12. Rad1 O-O 13. Nce4 Nbd7 14.
Bb3 Nb6 15. Bc1 h6 16. f4 Qc7 17. f5 exf5 18. Nxf5 Nxe4 19. Qxe4 Bf6 20. Nxh6+ Kh7 21. Qe3 Nd5 22. Qh3 Qc8 23. Ng4+ Kg8 24. Bxd5 cxd5 25. Rxf6 gxf6 26. Nxf6+ Kg7 27. Bh6+ Kxf6 28. Qh4+ Ke6 29. Re1+ Be4 30. Rxe4+ dxe4 31. Qxe4+ Kd7 32. Qf5+ Ke8 33. Qe5+ Qe6 34. Bxf8 Qxe5 35. dxe5 Kxf8 36. Kf2 Rc8 37. c3 Rc5 0-1

[Event "*** Titled Tuesday Blitz"]
[Site "Chess.com"]
[Date "2018.05.01"]
[Round "2"]
[White "LoydBlankenship"]
[Black "Keaton87"]
[Result "0-1"]
[WhiteElo "2368"]
[BlackElo "2446"]
[TimeControl "180+2"]
[EndTime "13:20:16 PDT"]
[Termination "Keaton87 won by resignation"]

1. e4 c5 2. Nf3 d6 3. d4 Nf6 4. Nc3 cxd4 5. Nxd4 g6 6. Be3 Bg7 7. f3 O-O 8. Bc4 Nc6 9. Qd2 Bd7 10. Bb3 Rc8 11. O-O Nxd4 12. Bxd4 Qa5 13. Rfd1 Rfe8 14. Kh1 Be6 15. Bxf6 Bxf6 16. Nd5 Qxd2 17. Nxf6+ exf6 18. Rxd2 Bxb3 19. axb3 a6 20. c3 Rc6 21. Rad1 Re6 22. Kg1 Kf8 23. Rd5 Ke7 24. b4 Re5 25. Kf2 Rxd5 26.
exd5 Rc8 27. Ke3 Kd7 28. Kd3 Re8 29. c4 Re5 30. g3 f5 31. b3 g5 32. h3 f4 33. gxf4 gxf4 34. Kc3 Rh5 35. Rd4 Rxh3 36.
Rxf4 Ke7 37. c5 Rh1 38. cxd6+ Kxd6 39. Rxf7 b5 40. Rf6+ Kxd5 41. Rxa6 Rh3 42. Rf6 h5 43. Kd3 h4 44. Rf5+ Kc6 45. Ke4 Rh1 46. Rf6+ Kc7 47. Kd5 h3 48. Rf7+ Kd8 49. Rh7 h2 50. Kc5 Rc1+ 51.
Kxb5 h1=Q 52. Rxh1 Rxh1 53. Kb6 Kc8 54. b5 Kb8 55. b4 Rf1 56. Kc6 Rxf3 57. b6 Rf6+ 58. Kc5 Kb7 59. b5 Rf5+ 60. Kd6 Kxb6 61. Ke6 Rxb5 62.
Kf6 Kc6 63. Ke6 Rd5 64. Kf6 Kd6 65. Kf7 Rf5+ 66. Kg6 Ke6 67. Kh6 Kf7 0-1

[Event "*** Titled Tuesday Blitz"]
[Site "Chess.com"]
[Date "2018.05.01"]
[Round "2"]
[White "tomsishere"]
[Black "Frolik67"]
[Result "1-0"]
[WhiteElo "2378"]
[BlackElo "2436"]
[TimeControl "180+2"]
[EndTime "13:20:18 PDT"]
[Termination "tomsishere won by checkmate"]

1. d4 e6 2. c4 d5 3. Nc3 c6 4.
e4 Nf6 5. e5 Nfd7 6. Nf3 Be7 7.
Bd3 b6 8. O-O Bb7 9. Be3 a6 10.
Qe2 c5 11. cxd5 exd5 12. Rad1 c4 13. Bb1 b5 14. Bf4 b4 15. Na4 Bc6 16. Nc5 Bxc5 17.
dxc5 Nxc5 18. Nd4 Ne6 19. Nxe6 fxe6 20. Qh5+ Kd7 21. Qg4 Qe7 22. Bg5 Qf7 23. f4 g6 24.
Bf6 Re8 25. f5 gxf5 26. Qxc4 Bb5 27. Rxd5+ exd5 28. Bxf5+ Re6 29. Qxd5+ Kc7 30. Bxe6 Qe8 31. Rc1+ Nc6 32. Qd6+ Kb6 33. Bd5 Rc8 34. e6 Ka5 35. a3 bxa3 36. bxa3 Qg6 37. Bc3+ Kb6 38. Bd4+ Kb7 39. Rxc6 Bxc6 40. Qd7+ Rc7 41. Bxc6+ Kb8 42. Qd8+ Rc8 43. Qb6# 1-0

[Event "*** Titled Tuesday Blitz"]
[Site "Chess.com"]
[Date "2018.05.01"]
[Round "2"]
[White "Hrant_ChessMood"]
[Black "Federtiu"]
[Result "1-0"]
[WhiteElo "2836"]
[BlackElo "2522"]
[TimeControl "180+2"]
[EndTime "13:20:19 PDT"]
[Termination "Hrant_ChessMood won by resignation"]

1. d4 g6 2. Nf3 Bg7 3. g3 Nf6 4.
Bg2 O-O 5. O-O d6 6. b3 a5 7. Nc3 d5 8. Bf4 c6 9. a3 Re8 10. h3 Bf5 11. g4 Be4 12. Nxe4 Nxe4 13. e3 Nd7 14. c4 e6 15. Qc2 f5 16. Rab1 fxg4 17. hxg4 Qf6 18. Ne5 Nxe5 19. Bxe5 Qe7 20.
Bxg7 Kxg7 21. Bxe4 dxe4 22. Qxe4 Qxa3 23. Qe5+ Kg8 24.
c5 Re7 25. Kg2 a4 26. bxa4 Qxa4 27. Ra1 Qxa1 28. Rxa1 Rxa1 29. d5 Ra8 30. d6 Ree8 31. d7 Rf8 32. Qxe6+ Kh8 33. Qe7 Rad8 34. e4 b5 35.
cxb6 c5 36. e5 c4 37. e6 c3 38. Qxf8+ Rxf8 39. e7 1-0